 Dungeon Crawl Stone Soup version 0.29-a0-334-gb41bcbb86e (webtiles) character file.

Game seed: 3681424640789608373

79 Gerhazo the Digger (level 4, -7/24 HPs)
             Began as a Gargoyle Earth Elementalist on Apr 15, 2022.
             Mangled by an iguana (11 damage)
             ... on level 4 of the Dungeon.
             The game lasted 00:07:57 (2141 turns).

Gerhazo the Digger (Gargoyle Earth Elementalist)    Turns: 2141, Time: 00:07:57

Health: -7/24      AC:  5    Str:  8 (11) XL:     4   Next: 37%
Magic:  6/8        EV: 11    Int: 17 (18) God:
Gold:   81         SH:  0    Dex:  8 (10) Spells: 5/9 levels left

rFire   + . .      SeeInvis .   h - +1 dagger (venom)
rCold   + . .      Faith    .   (no shield)
rNeg    + . .      Spirit   .   b - +0 robe
rPois   ∞          Reflect  .   (no helmet)
rElec   +          Harm     .   (no cloak)
rCorr   +          Rampage  .   (no gloves)
Will    .....                   (no boots)
Stlth   ++........              (no amulet)
HPRegen 0.08/turn               (no ring)
MPRegen 0.11/turn               (no ring)

@: resistant, attractive
A: sickness immunity, AC +3, negative energy resistance 1, electricity
resistance, torment resistance 1, petrification resistance
a: no special abilities


You were on level 4 of the Dungeon.
You visited 1 branch of the dungeon, and saw 4 of its levels.

You collected 81 gold pieces.

Inventory:

Hand Weapons
 h - a +1 dagger of venom (weapon)
 o - a +1 dagger of venom
Missiles
 a - 59 stones
 d - 4 curare-tipped darts
 j - 6 atropa-tipped darts
Armour
 b - a +0 robe (worn)
Scrolls
 f - 4 scrolls of blinking {unknown}
 g - a scroll of teleportation {unknown}
 i - a scroll of immolation {unknown}
 k - 2 scrolls of amnesia {unknown}
Potions
 c - a potion of magic
 l - a potion of degeneration
 m - a potion of brilliance {unknown}
 n - a potion of attraction


   Skills:
 - Level 1.5 Dodging
 - Level 2.1 Stealth
 + Level 3.1 Spellcasting
 + Level 1.0 Conjurations
 - Level 0.7 Transmutations
 + Level 4.9 Earth Magic


You had 5 spell levels left.
You knew the following spells:

 Your Spells              Type           Power      Damage    Failure   Level
a - Sandblast             Erth           38%        2d10      2%          1
b - Stone Arrow           Conj/Erth      24%        3d8       16%         3

Your spell library contained the following spells:

 Spells                   Type           Power      Damage    Failure   Level
 Passwall                 Tmut/Erth      10%        N/A       9%          2
 Petrify                  Tmut/Erth      12%        N/A       47%         4
 Dispersal                Tloc           1%         N/A       100%        6
 Disjunction              Tloc           1%         N/A       100%        8
 Chain Lightning          Conj/Air       2%         3d2       100%        9
 Fire Storm               Conj/Fire      2%         8d1       100%        9
 Shatter                  Erth           9%         3d11*     100%        9


Dungeon Overview and Level Annotations

Branches:
Dungeon (4/15)
 Temple: D:4-7

Altars:
Gozag


Innate Abilities, Weirdness & Mutations

You are immune to sickness and miasma.
Your stone body is resilient. (AC +3)
You are immune to poison.
You resist negative energy. (rN+)
You are resistant to electric shocks. (rElec)
You are resistant to unholy torment.
You are immune to petrification.


Message History

You now have 57 gold pieces (gained 14).
Found 12 gold pieces.
You now have 69 gold pieces (gained 12).
You now have 81 gold pieces (gained 12).
An iguana comes into view.
The iguana hisses angrily.
Aiming: Sandblast (safe; 2% risk of failure)
Press: ? - help, Q - select action, (/) - cycle Shift-Dir - straight line, f - you
Okay, then.
There are no items here.
Aiming: Sandblast (safe; 2% risk of failure)
Press: ? - help, Q - select action, (/) - cycle Shift-Dir - straight line, f - iguana
Aim: an iguana (83% to hit)
The blast of sand hits the iguana but does no damage.
Unknown command.
Aiming: Sandblast (safe; 2% risk of failure)
Press: ? - help, Q - select action, (/) - cycle Shift-Dir - straight line, f/p - iguana
Aim: an iguana (83% to hit)
The blast of sand hits the iguana.
The iguana is lightly wounded.
Unknown command.
Aiming: Sandblast (safe; 2% risk of failure)
Press: ? - help, Q - select action, (/) - cycle Shift-Dir - straight line, f/p - iguana
Aim: an iguana (83% to hit)
The blast of sand hits the iguana.
The iguana is moderately wounded.
The iguana bites you! The iguana attacks as you move away!
The iguana bites you.
It was a potion of degeneration.
There was something very wrong with that liquid.
You feel weakened.
You feel dopey.
You feel clumsy. The iguana closely misses you.
It was a potion of attraction.
You feel attractive to monsters. The iguana bites you.
* * * LOW HITPOINT WARNING * * *
It was a potion of resistance.
You feel protected. The iguana bites you!
You die...

#..............#
#..<.........##
###..##........#
##....##........#
#......##........#
#####............#
##............####.
######.....####...).....
#......@..## ##........
#.####.l### ##.......
### #..# #.^...## ##.##
##...## ##.# #...# #.#
#...# ##. ##### .. .##


You could see an iguana.

Vanquished Creatures
  2 gnolls (D:3)
  2 adders
  2 worms (D:2)
  A dart slug (D:1)
  An orc (D:3)
  A bat (D:1)
  4 endoplasms
  3 goblins (D:2)
  4 hobgoblins
  2 jackals (D:3)
  3 kobolds
  4 ball pythons
  2 frilled lizards (D:3)
  4 rats (D:2)
35 creatures vanquished.

Notes
Turn   | Place    | Note
-------+----------+-------------------------------------------
     0 | D:1      | Gerhazo the Gargoyle Earth Elementalist began the quest for
                  | the Orb.
     0 | D:1      | Reached XP level 1. HP: 10/10 MP: 3/3
   487 | D:1      | Reached XP level 2. HP: 15/15 MP: 1/5
   494 | D:1      | Reached skill level 4 in Earth Magic
  1296 | D:2      | Reached XP level 3. HP: 19/19 MP: 4/6
  1313 | D:2      | Found an opulent altar of Gozag.
  1591 | D:3      | Learned a level 3 spell: Stone Arrow
  1692 | D:3      | Reached XP level 4. HP: 24/24 MP: 5/8
  1966 | D:3      | Reached skill level 1 in Conjurations
  2141 | D:4      | Mangled by an iguana

Illustrated notes

Levels and vault maps discovered:
D:1:      evilmike_arrival_fibonacci_small, layout_basic
D:2:      layout_basic, basic_altar, kennysheep_generic_room_9
D:3:      layout_loops_ring, minmay_ogre_servants, uniq_jessica
D:4:      layout_layer_cave, nicolae_overflow_hallway_of_the_gods,
          mainiacjoe_overflow_concentric_impassable, minmay_unequal,
          uniq_grinder, uniq_robin

Skill      XL: |  1  2  3  4 |
---------------+-------------+-----
Earth Magic    | 4 |  4.9
Spellcasting   | 3 |  3.1
Conjurations   | 1 |  1.0
Dodging        | |  1.5
Stealth        | |  2.1
Transmutations | |  0.7

Action                   |  1- 3 |  4- 6 || total
-------------------------+-------+-------++-------
Melee: Hand axe          |    32 |       ||    32
       Dagger            |    25 |     5 ||    30
 Cast: Sandblast         |    14 |    17 ||    31
  Use: Potion            |       |     3 ||     3
Armor: Robe              |    19 |     2 ||    21
Dodge: Dodged            |    27 |     6 ||    33

Table legend: (Time is in decaauts)
 A = Elapsed time spent in this place.
 B = Non-inter-level travel time spent in this place.
 C = Inter-level travel time spent in this place.
 D = Time resting spent in this place.
 E = Time spent auto-exploring this place.
 F = Levels seen in this place.
 G = Mean time per level.
                   A        B        C        D        E       F      G
               +--------+--------+--------+--------+--------+-----+--------+
         Total |   2149 |   2149 |      0 |   1073 |    459 |   4 |  537.2 |
       Dungeon |   2149 |   2149 |      0 |   1073 |    459 |   4 |  537.2 |
               +--------+--------+--------+--------+--------+-----+--------+

Top non-repeatable levels by time:
     D:2: 1023 daAuts
     D:1: 732 daAuts
     D:3: 329 daAuts
     D:4: 64 daAuts
